 Dungeon Crawl Stone Soup version 0.31.0-32-g396128a36d (webtiles) character file.

Game seed: 5821458209030982712

363 Zeor the Sneak (level 6, -1/46 HPs)
             Began as a Vine Stalker Enchanter on Apr 16, 2024.
             Killed from afar by Dowan (5 damage)
             ... with a puff of flame
             ... on level 4 of the Dungeon.
             The game lasted 00:12:57 (3122 turns).

Zeor the Sneak (Vine Stalker Enchanter)             Turns: 3122, Time: 00:12:58

Health: -1/46      AC:  6    Str: 11    XL:     6   Next: 67%
Magic:  0/12       EV: 12    Int: 15    God:
Gold:   104        SH:  0    Dex: 16    Spells: 4/12 levels left

rFire   . . .        a - +2 short sword (elec)
rCold   . . .        (no shield)
rNeg    . . .        h - +1 leather armour
rPois   .            i - +0 helmet
rElec   .            (no cloak)
rCorr   .            (no gloves)
SInv    +            j - +0 pair of boots {rampage}
Will    .....        (no amulet) Stlth
                     o - ring of see invisible
HPRegen 1.07/turn    (no ring)
MPRegen 0.13/turn

%: guardian spirit, rampage
@: berserking, lit by a corona, glowing, very quick
A: fangs 2, regeneration 1, magic shield, antimagic bite, no potion heal 2
a: no special abilities


You were on level 4 of the Dungeon.
You visited 1 branch of the dungeon, and saw 4 of its levels.

You collected 219 gold pieces.
You spent 115 gold pieces at shops.

Inventory:

Hand Weapons
 a - a +2 short sword of electrocution (weapon)
 b - a +2 dagger of protection
 p - a +1 dagger of flaming
Missiles
 m - 14 poisoned darts (quivered)
Armour
 h - a +1 leather armour (worn)
 i - a +0 helmet (worn)
 j - a +0 pair of boots of rampaging (worn)
Jewellery
 k - the amulet of Elemental Vulnerability {rPois rF-- rC-- AC+8}
   (You found it on level 4 of the Dungeon)

   [amulet of nothing]

   AC+8:      It affects your AC (+8).
   rF--:      It makes you very vulnerable to fire.
   rC--:      It makes you very vulnerable to cold.
   rPois:     It protects you from poison
 o - a ring of see invisible (left hand)
Scrolls
 d - a scroll of immolation
 e - a scroll of teleportation
Potions
 c - a potion of invisibility
 l - a potion of berserk rage
 n - a potion of brilliance {unknown}


   Skills:
 * Level 2.3 Fighting
 + Level 2.1 Short Blades
 + Level 1.1 Armour
 + Level 1.9 Dodging
 + Level 4.6 Stealth
 * Level 3.9 Spellcasting
 * Level 3.9 Hexes
 + Level 1.0 Ice Magic


You had 4 spell levels left.
You knew the following spells:

 Your Spells              Type           Power      Damage    Failure   Level
c - Confusing Touch       Hex            14%        N/A       14%         3
h - Ensorcelled Hibernat  Hex/Ice        20%        N/A       13%         2
t - Tukima's Dance        Hex            14%        N/A       14%         3

Your spell library contained the following spells:

 Spells                   Type           Power      Damage    Failure   Level
 Kiss of Death            Conj/Necr      8%         2d6       24%         1
 Dazzling Flash           Conj/Hex       16%        N/A       32%         3
 Dispel Undead            Necr           2%         3d7       94%         4


Dungeon Overview and Level Annotations

Branches:
Dungeon (4/15)
 Temple: D:4-7

Altars:
Dithmenos
Makhleb
Zin
The Shining One

Shops:
D:1 :   D:4 [

Annotations:
D:4 Dowan, Duvessa


Innate Abilities, Weirdness & Mutations

You have extremely sharp teeth.
Your natural rate of healing is unusually fast.
When hurt, damage is shared between your health and your magic reserves.
Your bite disrupts and absorbs the magic of your enemies.
Potions cannot restore your health.


Message History

You barely miss Duvessa. Your bite misses Duvessa.
Duvessa is severely wounded.
You miss Dowan. Your bite misses Dowan.
Dowan zaps a wand.
The puff of flame hits you but does no damage.
Casting: Ensorcelled Hibernation (safe; 13% risk of failure)
Confirm with . or Enter, or press ? or * to list all spells.
You don't have enough magic to cast this spell.
Throw: 14 darts (poison)
Press: ? - help, Q - select action, (/) - cycle Shift-Dir - straight line, f/p - Duvessa
Aim: Duvessa, wielding a +3 short sword of speed and wearing a +1 leather armour of poison resistance (severely wounded, wandering, unable to see you, hasn't noticed you, 61% to hit)
Okay, then.
You hit Dowan but do no damage. Dowan barely misses you.
You hit Dowan but do no damage.
Dowan points at you and mumbles some strange words.
You easily resist.
You closely miss Dowan. Your bite misses Dowan.
Dowan hits you with a +4 dagger of venom.
* * * LOW HITPOINT WARNING * * *
You are poisoned.
Your system rejects the healing.
You feel better. Dowan barely misses you.
It was a potion of cancellation.
Your magical effects are unravelling.
You feel magically purged.
You flicker back into view.
Duvessa shouts!
Dowan gestures at you while chanting.
You are outlined in light.
You barely miss Dowan. Your bite misses Dowan.
Dowan hits you with a +4 dagger of venom.
* * * LOW HITPOINT WARNING * * *
You are poisoned.
Your system rejects the healing.
You feel better.
Dowan zaps a wand.
The puff of flame hits you!
* * * LOW HITPOINT WARNING * * *
It was a potion of berserk rage.
A red film seems to cover your vision as you go berserk!
You feel yourself moving faster!
You feel mighty!
Dowan points at you and mumbles some strange words.
The puff of flame hits you.
You die...

▒ ▒▒∙▒>▒▒∙▒ ▒▒∙▒▒ ▒
▒∙∙∙∙∙∙▒ ▒▒∙∙∙▒▒ ▒
▒∙∙∙∙∙>▒▒▒▒∙∙∙∙∙▒▒
▒▒
▒∙∙∙∙∙∙∙∙∙∙∙∙∙∙∙∙▒
∙▒ ▒∙∙∙∙∙∙▒▒
▒∙∙∙∙∙▒▒ ∙▒▒
▒∙∙∙∙∙∙▒∙ ▒▒∙∙∙∙∙▒▒
∙∙▒ ∙∙∙∙∙▒▒∙∙∙
▒∙∙▒▒∙∙▒▒▒▒▒▒ ▒∙▒
∙▒∙∙∙∙
▒∙▒∙▒∙▒▒▒▒∙∙∙∙∙∙▒▒▒
▒∙ ∙▒ ▒∙▒f▒
▒▒▒▒▒▒∙∙∙▒ ∙▒▒∙▒
▒∙▒∙▒e▒ ▒▒▒∙▒
▒∙∙∙∙▒ ▒ ▒∙▒∙▒∙▒
▒∙∙▒ ▒▒▒▒▒▒▒∙▒
▒∙▒∙▒e▒ ▒∙▒▒
∙∙∙∙∙∙▒∙▒ ▒∙∙∙▒∙∙
▒∙▒ ∙∙∙∙∙∙∙∙▒
▒∙▒▒▒∙∙ ▒▒▒ ▒∙▒▒
▒▒∙∙▒∙▒▒▒ ▒∙▒
▒∙▒▒▒▒▒∙▒▒▒▒∙∙▒
▒∙∙∙∙∙∙▒▒
▒∙▒▒▒∙∙∙∙∙∙∙∙∙∙▒▒∙▒
▒∙∙▒∙▒∙∙▒
▒∙∙∙▒▒▒▒▒▒▒▒▒∙∙∙▒∙▒


You could see Duvessa and Dowan.

Vanquished Creatures
  Menkaure (D:4)
  A phantom (D:4)
  A hound (D:4)
  An iguana (D:4)
  3 adders
  3 dart slugs (D:3)
  3 orcs
  4 bats
  10 endoplasms
  A giant cockroach (D:3)
  4 goblins
  4 hobgoblins
  12 jackals
  4 quokkas
  7 ball pythons
  3 frilled lizards (D:2)
  5 kobolds
  3 rats
70 creatures vanquished.

Notes
Turn   | Place    | Note
-------+----------+-------------------------------------------
     0 | D:1      | Zeor the Vine Stalker Enchanter began the quest for the
                  | Orb.
     0 | D:1      | Reached XP level 1. HP: 9/9 MP: 4/4
   213 | D:1      | Reached XP level 2. HP: 14/14 MP: 1/6
   318 | D:1      | Learned a level 2 spell: Ensorcelled Hibernation
   487 | D:1      | Found Qumuy's Book Emporium.
   512 | D:1      | Reached skill level 1 in Fighting
   530 | D:1      | Reached XP level 3. HP: 13/18 MP: 2/8
   679 | D:1      | Learned a level 3 spell: Tukima's Dance
   696 | D:1      | Reached skill level 1 in Short Blades
  1373 | D:2      | Learned a level 3 spell: Confusing Touch
  1418 | D:2      | Reached skill level 4 in Stealth
  1418 | D:2      | Reached XP level 4. HP: 22/22 MP: 3/9
  1667 | D:2      | You fall into a shaft and drop 1 floor!
  2493 | D:3      | Found a shadowy altar of Dithmenos.
  2579 | D:3      | Found a glowing golden altar of the Shining One.
  2581 | D:3      | Found a glowing silver altar of Zin.
  2637 | D:4      | Found a transporter.
  2641 | D:4      | Found Boniowk's Armour Emporium.
  2643 | D:4      | Found a transporter.
  2648 | D:4      | Bought a +0 pair of boots of rampaging for 115 gold pieces
  2702 | D:4      | Reached XP level 5. HP: 26/26 MP: 7/11
  2742 | D:4      | Found the amulet of Elemental Vulnerability {rPois rF--
                  | rC-- AC+8}
  2850 | D:4      | Noticed a phantom
  2865 | D:4      | Killed a phantom
  2867 | D:4      | Reached XP level 6. HP: 30/30 MP: 5/12
  2872 | D:4      | Noticed Menkaure
  2875 | D:4      | Killed Menkaure
  2876 | D:4      | Reached skill level 1 in Armour
  2876 | D:4      | Reached skill level 1 in Ice Magic
  2880 | D:4      | Found a burning altar of Makhleb.
  3099 | D:4      | Noticed Duvessa
  3102 | D:4      | Noticed Dowan
  3122 | D:4      | Killed from afar by Dowan

Illustrated notes

Levels and vault maps discovered:
D:1:      lightli_arrival_chessboard, layout_basic, serial_shops, shop
D:2:      layout_rooms
D:3:      layout_rooms, nicolae_overflow_hidden_temple, roderic_serpentine_path
D:4:      layout_loops_ring, marbit_many_paths, serial_co_window_serial,
          co_window_corner_a, co_window_paths_a, co_window_paths_b,
          co_window_paths_a, co_window_paths_a, co_window_corner_a,
          co_window_paths_a, co_window_broadway_b, co_window_of_opportunity_b,
          co_window_broadway_c, glass_columns_a, glass_columns_b,
          glass_columns_a, glass_columns_c, serial_shops,
          nicolae_shop_drivethru, uniq_menkaure, uniq_duvessa

Skill      XL: |  1  2  3  4  5  6 |
---------------+-------------------+-----
Fighting       | 1 2 |  2.3
Short Blades   | 1 2 |  2.1
Spellcasting   | 3 |  3.9
Stealth        | 4 |  4.6
Armour         | 1 |  1.1
Ice Magic      | 1 |  1.0
Dodging        | |  1.9
Hexes          | |  3.9

Action                     |  1- 3 |  4- 6 || total
---------------------------+-------+-------++-------
  Melee: Dagger            |    81 |     6 ||    87
         Bite              |    22 |    10 ||    32
         Short sword       |       |    73 ||    73
   Cast: Ensorcelled Hiber |    15 |    21 ||    36
    Use: Scroll            |     4 |     5 ||     9
         Potion            |       |     6 ||     6
   Stab: Sleeping          |    12 |    16 ||    28
         Distracted        |       |     1 ||     1
 Armour: Robe              |     9 |       ||     9
         Leather armour    |    30 |    34 ||    64
  Dodge: Dodged            |    44 |    53 ||    97
